 Dungeon Crawl Stone Soup version 0.31-a0-1068-g5939ac1fb6 (webtiles) character file.

Game seed: 13333110989939683689

1029 Chiseanne the Ducker (level 8, -4/64 HPs)
             Began as a Demonspawn Wanderer on Nov 24, 2023.
             Was an Initiate of Gozag.
             Slain by a yak (10 damage)
             ... on level 7 of the Dungeon.
             The game lasted 00:11:41 (4523 turns).

Chiseanne the Ducker (Demonspawn Wanderer)          Turns: 4523, Time: 00:11:42

Health: -4/64      AC: 10    Str: 16 (18) XL:     8   Next: 3%
Magic:  8/8        EV: 12    Int: 10 (13) God:    Gozag
Gold:   384        SH:  4    Dex: 17 (20) Spells: 7/7 levels left

rFire   . . .        a - +0 dagger (elec)
rCold   . . .        (no shield)
rNeg    . . .        h - +1 scale mail
rPois   .            (no helmet)
rElec   .            r - +0 cloak
rCorr   .            p - +0 pair of gloves
SInv    .            (no boots)
Will    .....        (no amulet)
Stlth   ++           i - +6 ring of strength
HPRegen 0.30/turn    n - ring of wizardry
MPRegen 0.22/turn

%: wizardry (x1)
@: about to teleport
A: thin skeletal structure 2, magic regeneration, condensation shield
a: Renounce Religion, Potion Petition, Call Merchant, Bribe Branch


You were on level 7 of the Dungeon.
You worshipped Gozag.
Gozag was aware of your devotion.
You visited 2 branches of the dungeon, and saw 8 of its levels.

You collected 431 gold pieces.
You paid 47 gold pieces to Gozag.

Inventory:

Hand Weapons
 a - a +0 dagger of electrocution (weapon)
 d - a +3 flail of protection
 s - a +3 quarterstaff of chaos
 t - a +0 dagger of venom
Missiles
 g - 53 stones
 m - 5 boomerangs (quivered)
Armour
 h - a +1 scale mail (worn)
 p - a +0 pair of gloves (worn)
 r - a +0 cloak (worn)
Jewellery
 i - a +6 ring of strength (left hand)
 n - a ring of wizardry (right hand)
 y - a ring of flight
Talismans
 c - the beast talisman of the Eternal Void {rPois rC++ rN+ Int-2}
   (You found it on level 4 of the Dungeon)

   [beast talisman]

   Int-2:     It affects your intelligence (-2).
   rC++:      It greatly protects you from cold.
   rPois:     It protects you from poison rN+: It protects you from negative
   energy.
Wands
 k - a wand of flame (38)
 l - a wand of digging (9)
Scrolls
 u - a scroll of enchant armour
Potions
 b - 5 potions of might
 e - 3 potions of haste
 f - a potion of heal wounds {unknown}
 j - 3 potions of curing {unknown}
 o - 2 potions of ambrosia {unknown}
 q - a potion of degeneration
 v - 2 potions of enlightenment {unknown}
 w - a potion of brilliance {unknown}


   Skills:
 * Level 5.7 Fighting
 - Level 2.7 Short Blades
 * Level 4.8 Armour
 * Level 6.0 Dodging


You had 7 spell levels left.
You didn't know any spells.
Your spell library contained the following spells:

 Spells                   Type           Power      Damage    Failure   Level
 Magic Dart               Conj           0%         1d3       43%         1
 Slow                     Hex            0%         N/A       43%         1
 Call Imp                 Summ           0%         N/A       56%         2
 Cigotuvi's Dreadful Rot  Necr/Pois/Air  0%         N/A       56%         2
 Confusing Touch          Hex            0%         N/A       80%         3
 Mephitic Cloud           Conj/Pois/Air  0%         N/A       80%         3
 Sigil of Binding         Hex            0%         N/A       80%         3
 Vampiric Draining        Necr           0%         2d6       80%         3
 Dispel Undead            Necr           0%         3d6       99%         4
 Death Channel            Necr           0%         N/A       100%        6


Dungeon Overview and Level Annotations

Branches:
Dungeon (7/15)             Temple (1/1) D:4

Altars:
Cheibriados
Dithmenos
Fedhas
Gozag
Kikubaaqudgha
Makhleb
Nemelex Xobeh
Okawaru
Qazlal
Sif Muna
Trog
Uskayaw
Vehumet
Wu Jian
Xom
Yredelemnul

Shops:
D:4 [

Annotations:
D:4 Eustachio


Innate Abilities, Weirdness & Mutations

You have a moderately thin skeletal structure. (Dex +4, Stealth++)
You regenerate magic rapidly.
A meltable shield of frost defends you. (SH +4)


Message History

An orc comes into view. It is wielding a +0 war axe.
An orc warrior comes into view. It is wielding a +2 heavy halberd.
Found a quarterstaff.
An orc comes into view. It is wielding a +0 hand axe.
The orc shouts! x2; The orc warrior shouts!
You hear a shout!
The orc warrior hits you from afar with a +2 heavy halberd!!
The orc hits you with a +0 war axe.
You hit the orc.
The orc is heavily wounded.
The orc misses you.
The orc warrior hits you from afar with a +2 heavy halberd!!
You hit the orc. Lightning courses through the orc!
You kill the orc!
An orc comes into view. It is wielding a +0 falchion.
The orc warrior throws a boomerang.
The boomerang hits you.
* * * LOW HITPOINT WARNING * * *
The orc warrior throws a boomerang.
The boomerang hits you!
* * * LOW HITPOINT WARNING * * *
There is a stone staircase leading down here.
You climb downwards.
You hear the hiss of flowing sand.
There is an entrance to an ossuary on this level.
Hurry and find it before the portal is buried!
The orc shouts!
The orc warrior shouts!
The yak bellows!
The orc priest shouts!
The steam dragon hisses angrily.
The yak bellows! x2; The orc shouts!
The yak bellows!
The orc shouts!
Found 2 javelins and 12 gold pieces.
There is a stone staircase leading up here.
As you read the scroll of teleportation, it crumbles to dust.
You feel strangely unstable. The orc hits you but does no damage.
You block the yak's attack. The yak gores you.
* * * LOW HITPOINT WARNING * * *
Okay, then.
It was a potion of degeneration.
There was something very wrong with that liquid.
You feel weakened.
You feel dopey.
You feel clumsy. The orc hits you with a +0 short sword.
* * * LOW HITPOINT WARNING * * *
The yak gores you!
You die...
Your body crumbles into a pile of gold.

## ######..#
#.......#
#.YY.....
###YY.(....
#.o@Y......
......#.Y......
..... #ooo.....
....


oD....... ... .......$. .. .......... . ###..##### #.# You could see 6 yaks, a
steam dragon, an orc warrior, an orc priest and 3 orcs.

Vanquished Creatures
  Menkaure (D:4)
  A black bear (D:5)
  An ogre (D:4)
  A phantom (D:5)
  2 scorpions
  A hound (D:4)
  A gnoll bouda (D:3)
  An orc priest (D:5)
  Crazy Yiuf (D:4)
  A jelly (D:4)
  3 iguanas
  An orc wizard (D:5)
  A sleepcap (D:6)
  10 gnolls
  9 adders
  2 ufetubi (D:6)
  A worm (D:4)
  2 dart slugs
  4 orcs
  8 ball pythons
  2 bats
  9 endoplasms
  3 giant cockroaches
  9 goblins
  5 hobgoblins
  2 jackals (D:1)
  4 quokkas
  7 frilled lizards
  6 kobolds
  3 rats
102 creatures vanquished.

Notes
Turn   | Place    | Note
-------+----------+-------------------------------------------
     0 | D:1      | Chiseanne the Demonspawn Wanderer began the quest for the
                  | Orb.
     0 | D:1      | Chiseanne set off with the following items: a +1 short
                  | sword, a +2 leather armour, a potion of berserk rage.
     0 | D:1      | Reached XP level 1. HP: 16/16 MP: 1/1
    59 | D:1      | Gained mutation: A meltable shield of frost defends you.
                  | (SH +4) [demonic ancestry]
    59 | D:1      | Reached XP level 2. HP: 22/22 MP: 2/2
   406 | D:1      | Gained mutation: You have a somewhat thin skeletal
                  | structure. (Dex +2, Stealth+) [demonic ancestry]
   406 | D:1      | Reached XP level 3. HP: 27/28 MP: 3/3
   626 | D:2      | Reached skill level 4 in Dodging
   742 | D:2      | Found a faded altar of an unknown god.
   843 | D:2      | Found a radiant altar of Vehumet.
  1151 | D:3      | Gained mutation: You regenerate magic rapidly. [demonic
                  | ancestry]
  1151 | D:3      | Reached XP level 4. HP: 35/35 MP: 4/4
  1185 | D:3      | Found an iron altar of Okawaru.
  1200 | D:3      | Found a shimmering blue altar of Sif Muna.
  1511 | D:3      | Found a shadowy altar of Dithmenos.
  1787 | D:4      | Noticed Menkaure
  1795 | D:4      | Killed Menkaure
  1796 | D:4      | Reached XP level 5. HP: 34/42 MP: 5/5
  1932 | D:3      | Gained mutation: You have a moderately thin skeletal
                  | structure. (Dex +4, Stealth++) [demonic ancestry]
  1932 | D:3      | Reached XP level 6. HP: 39/48 MP: 6/6
  2057 | D:4      | Reached skill level 5 in Dodging
  2199 | D:4      | HP: 2/49 [ogre/+0 giant club (22)]
  2499 | D:4      | Found a staircase to the Ecumenical Temple.
  2509 | Temple   | Entered the Ecumenical Temple
  2536 | Temple   | Became a worshipper of Gozag Ym Sagoz the Greedy
  2610 | D:4      | Identified the beast talisman of the Eternal Void {rPois
                  | rC++ rN+ Int-2}
  2618 | D:4      | Found Lydozaez's Antique Armour Boutique.
  2642 | D:4      | Found an ancient bone altar of Kikubaaqudgha.
  2646 | D:4      | Found a blossoming altar of Fedhas.
  2721 | D:4      | Found a runed translucent door.
  2722 | D:4      | Noticed Crazy Yiuf
  2733 | D:4      | Killed Crazy Yiuf
  2734 | D:4      | Reached XP level 7. HP: 47/55 MP: 7/7
  2913 | D:4      | Noticed Eustachio
  3144 | D:4      | Found a large runed translucent door.
  3144 | D:4      | Found a large runed translucent door.
  3313 | D:4      | Found a sparkling altar of Nemelex Xobeh.
  3389 | D:5      | Entered Level 5 of the Dungeon
  3435 | D:4      | Reached skill level 5 in Fighting
  4060 | D:5      | Reached skill level 6 in Dodging
  4381 | D:6      | Reached XP level 8. HP: 64/64 MP: 8/8
  4523 | D:7      | Slain by a yak

Illustrated notes

Levels and vault maps discovered:
D:1:      minmay_arrival_radiant_lines, layout_rooms, reono_crystal_passage,
          st_stairs_8
D:2:      layout_rooms, basic_altar, hellmonk_ecumenical_altar_heavens_door
D:3:      layout_rooms, nicolae_dithmenos_shadow_blocks,
          mainiacjoe_overflow_large_starburst, minmay_close_crescents
D:4:      layout_gridville, grunt_temple_overflow_growth_and_decay,
          jmf_multi_god_temple2, minmay_temple_entry_nine_rooms, serial_shops,
          nicolae_shop_overgrown_old_shop, uniq_menkaure, uniq_eustachio,
          uniq_crazy_yiuf_cottage
D:5:      layout_cave_pools
D:6:      layout_loops_ring, nzn_hepliaklqana_mist_gate, serial_shops, shop,
          shop
D:7:      layout_rooms, amcnicky_altar_gilded, nicolae_tso_besieged_by_evil,
          hellmonk_ghost_happy_afterlife, enter_ossuary_5
Temple:   grunt_temple_mini_profane

Skill      XL: |  1  2  3  4  5  6  7 |
---------------+----------------------+-----
Dodging        | 4 5 6 |  6.0
Armour         | 2 3 4 |  4.8
Fighting       | 3 4 5 |  5.7
Short Blades   | |  2.7

Action                     |  1- 3 |  4- 6 |  7- 9 || total
---------------------------+-------+-------+-------++-------
  Melee: Short sword       |    87 |       |       ||    87
         Dagger            |    72 |   128 |   151 ||   351
         Punch             |       |     3 |     1 ||     4
  Throw: Boomerang         |       |     4 |       ||     4
    Use: Scroll            |     5 |     3 |     4 ||    12
         Potion            |       |     3 |     1 ||     4
   Stab: Sleeping          |     2 |     2 |     6 ||    10
 Armour: Leather armour    |    52 |       |       ||    52
         Scale mail        |    29 |    40 |    78 ||   147
  Dodge: Dodged            |    66 |    49 |    68 ||   183
  Block: Other             |    18 |    19 |    24 ||    61

Table legend: (Time is in decaauts)
 A = Elapsed time spent in this place.
 B = Non-inter-level travel time spent in this place.
 C = Inter-level travel time spent in this place.
 D = Time resting spent in this place.
 E = Time spent auto-exploring this place.
 F = Levels seen in this place.
 G = Mean time per level.
                   A        B        C        D        E       F      G
               +--------+--------+--------+--------+--------+-----+--------+
         Total |   4461 |   4282 |    179 |    794 |   2338 |   8 |  557.6 |
       Dungeon |   4409 |   4277 |    132 |    794 |   2338 |   7 |  629.9 |
        Temple |     51 |      4 |     47 |      0 |      0 |   1 |   51.0 |
               +--------+--------+--------+--------+--------+-----+--------+

Top non-repeatable levels by time:
     D:4: 1422 daAuts
     D:5: 922 daAuts
     D:3: 892 daAuts
     D:1: 559 daAuts
     D:2: 461 daAuts
     D:6: 149 daAuts
  Temple: 51 daAuts
     D:7: 1 daAuts
